 Dungeon Crawl Stone Soup version 0.22-a0-580-gd5db89c09a (webtiles) character file.

101 psixmax the Covered (level 5, -3/41 HPs)
             Began as a Human Fighter on July 2, 2018.
             Slain by a gnoll
             ... wielding a +0 spear
              (6 damage)
             ... on level 3 of the Dungeon.
             The game lasted 00:10:23 (1887 turns).

psixmax the Covered (Human Fighter)                 Turns: 1887, Time: 00:10:23

Health: -3/41      AC:  6    Str: 22    XL:     5   Next: 4%
Magic:  5/5        EV:  7    Int:  9    God:
Gold:   102        SH:  9    Dex: 12    Spells: 4/4 levels left

rFire    + . .     SeeInvis .   a - +0 long sword
rCold    + . .     Gourm    .   c - +0 shield
rNeg     . . .     Faith    .   n - +0 scale mail
rPois    .         Spirit   .   (no helmet)
rElec    .         Reflect  .   j - scarf {rC+ rF+}
rCorr    .         Harm     .   (no gloves)
MR       .....                  (no boots)
Stlth    ..........             (no amulet)
HPRegen  0.13/turn              (no ring)
MPRegen  0.09/turn              (no ring)

@: mighty
A: no striking features
a: no special abilities


You were on level 3 of the Dungeon.
You were not hungry.

You visited 1 branch of the dungeon, and saw 3 of its levels.

You collected 102 gold pieces.

Inventory:

Hand Weapons
 a - a +0 long sword (weapon)
Armour
 b - a +0 scale mail
 c - a +0 shield (worn)
 j - a scarf of resistance (worn)
 n - a +0 scale mail (worn)
Wands
 m - a wand of acid (11)
Scrolls
 i - 3 scrolls of identify
 k - a scroll of random uselessness {unknown}
 l - a scroll of teleportation
Potions
 e - a potion of magic
 g - a potion of flight {unknown}
Comestibles
 f - 7 rations
 h - 2 chunks of flesh


   Skills:
 + Level 3.5 Fighting
 * Level 3.3 Long Blades
 + Level 3.5 Armour
 + Level 3.5 Shields


You had 4 spell levels left.
You didn't know any spells.
Your spell library was empty.

Dungeon Overview and Level Annotations

Branches:
Dungeon (3/15)

Altars:
Cheibriados


Message History

You slash the gnoll!
The gnoll is almost dead.
The gnoll hits you but does no damage. The gnoll barely misses you.
You barely miss the gnoll.
The gnoll is almost dead.
You block the gnoll's attack.
The gnoll hits you but does no damage. x2
You closely miss the gnoll.
The gnoll is almost dead.
You block the gnoll's attack. x2; The gnoll hits you.
* * * LOW HITPOINT WARNING * * *
You slash the gnoll!
You kill the gnoll!
The gnoll barely misses you. The gnoll barely misses you.
You slash the gnoll!
You kill the gnoll!
You have reached level 5!
The gnoll closely misses you. The gnoll barely misses you.
The gnoll hits you with a spear.
You die...

# #......#.....#
#.###.≈≈≈......#
#....≈≈≈≈≈.....#
#####≈≈.≈≈.....#
#≈≈≈≈≈##.....
###≈≈≈## #####
#..#_##
#.############
#.#.@g.......#
#.###)#..#.#..
#.....#).....#
#######...$....
#..###.## #.##
.. #.# 8 #.# #..


You could see a gnoll.

Vanquished Creatures
  2 adders (D:2)
  3 gnolls (D:3)
  3 dart slugs
  5 bats
  3 hobgoblins
  8 jackals (D:2)
  8 kobolds
  A ball python (D:1)
  2 frilled lizards
  7 goblins
  7 rats
49 creatures vanquished.

Notes
Turn   | Place    | Note
-------+----------+-------------------------------------------
     0 | D:1      | psixmax the Human Fighter began the quest for the Orb.
     0 | D:1      | Reached XP level 1. HP: 18/18 MP: 1/1
    86 | D:1      | Reached XP level 2. HP: 22/24 MP: 2/2
   362 | D:1      | Reached XP level 3. HP: 29/29 MP: 3/3
   924 | D:2      | Reached XP level 4. HP: 27/35 MP: 4/4
  1827 | D:3      | Found a snail-covered altar of Cheibriados.
  1886 | D:3      | Reached XP level 5. HP: 3/41 MP: 5/5
  1887 | D:3      | Slain by a gnoll

Vault maps used:
D:1:      lightli_arrival_statue_moat, st_stairs_5
D:2:      grunt_ministairs_5, kennysheep_generic_room_11
D:3:      good_gods_mini_temple, kennysheep_slug_shrine, first_ration,
          grunt_gozag_statues, uniq_natasha

Skill      XL: |  1  2  3 |
---------------+----------+-----
Long Blades    | 3 |  3.3
Fighting       | |  3.5
Armour         | |  3.5
Shields        | |  3.5

Action                   |  1- 3 |  4- 6 || total
-------------------------+-------+-------++-------
Melee: Long sword        |   115 |    48 ||   163
  Use: Scroll            |       |     4 ||     4
       Potion            |       |     2 ||     2
  Eat: Ration            |       |     1 ||     1
       Chunk             |       |     1 ||     1
Armor: Scale mail        |    58 |    26 ||    84
Dodge: Dodged            |    48 |    16 ||    64
Block: Shield            |    71 |    29 ||   100
       Rpst.: Long sword |    13 |     3 ||    16

Table legend:
 A = Spawn XP
 B = Non-spawn XP
 C = Spawn XP percentage of total XP
 D = Spawn monster count
 E = Non-spawn monster count
 F = Spawn count percentage of total count
 G = Total turns spent on level
                    A         B        C        D         E        F      G
               +---------+---------+-------+---------+---------+-------+---------
         Total |       0 |     145 |   0.0 |       0 |      49 |   0.0 |  1887
               +---------+---------+-------+---------+---------+-------+---------
           D:1 |       0 |      29 |   0.0 |       0 |      17 |   0.0 |   574
           D:2 |       0 |      68 |   0.0 |       0 |      27 |   0.0 |  1245
           D:3 |       0 |      48 |   0.0 |       0 |       5 |   0.0 |    68
               +---------+---------+-------+---------+---------+-------+---------
